 Dungeon Crawl Stone Soup version 0.23-a0-422-g30b1108d6a (webtiles) character file.

5978 plutonick the Carver (level 10, -1/90 HPs)
             Began as a Minotaur Monk on Nov 15, 2018.
             Was a High Priest of Okawaru.
             Slain by a troll (4 damage)
             ... on level 10 of the Dungeon.
             The game lasted 01:02:04 (8104 turns).

plutonick the Carver (Minotaur Monk)                Turns: 8104, Time: 01:02:05

Health: -1/90      AC:  9    Str: 19    XL:     10   Next: 55%
Magic:  13/13      EV: 11    Int:  7    God:    Okawaru [*****.]
Gold:   461        SH:  0    Dex: 15    Spells: 10/15 levels left

rFire    . . .     SeeInvis .   h - +7 Screaming Sword {slice, sonic wave}
rCold    . . .     Gourm    .   (no shield)
rNeg     . . .     Faith    .   x - +0 chain mail
rPois    .         Spirit   .   (helmet restricted)
rElec    .         Reflect  .   (no cloak)
rCorr    .         Harm     .   (no gloves)
MR       +....                  (no boots)
Stlth    ..........             (no amulet)
HPRegen  0.25/turn              m - ring of protection from magic
MPRegen  0.13/turn              v - +2 ring of dexterity

@: no status effects
A: retaliatory headbutt, horns 2
a: Heroism, Finesse, Renounce Religion


You were on level 10 of the Dungeon.
You worshipped Okawaru.
Okawaru was extremely pleased with you.
You were not hungry.

You visited 2 branches of the dungeon, and saw 11 of its levels.

You collected 461 gold pieces.

Inventory:

Hand Weapons
 f - a +1 short sword of freezing
 g - a +1 hunting sling of flaming
 h - the +7 Screaming Sword (weapon) {slice, sonic wave}
   (You found it on level 4 of the Dungeon)

   It inflicts extra damage upon your enemies.
 o - a +3 dire flail
 s - a +4 war axe
 A - a +1 scimitar of flaming
Armour
 b - a +0 robe
 n - a +1 robe of magic resistance
 u - a +1 ring mail
 w - a +2 robe of magic resistance
 x - a +0 chain mail (worn)
Jewellery
 l - an uncursed ring of resist corrosion
 m - a ring of protection from magic (left hand)
 t - an uncursed amulet of inaccuracy
 v - a +2 ring of dexterity (right hand)
Wands
 j - a wand of flame (22)
 y - a wand of scattershot (4)
 z - a wand of polymorph (10)
 E - a wand of paralysis (7)
Scrolls
 d - a scroll of fear
 e - 5 scrolls of remove curse
 k - 8 scrolls of identify
 p - a scroll of holy word
 q - a scroll of amnesia {unknown}
 r - a scroll of blinking {unknown}
 B - a scroll of teleportation
 D - a scroll of magic mapping {unknown}
 F - a scroll of noise {unknown}
Potions
 i - 7 potions of brilliance
Comestibles
 c - 11 rations


   Skills:
 + Level 8.7 Fighting
 + Level 9.2 Long Blades
 + Level 9.1 Maces & Flails
 + Level 5.2 Armour
 + Level 6.6 Dodging
 + Level 3.8 Stealth
 + Level 3.0 Spellcasting
 + Level 0.2 Conjurations
 + Level 1.7 Hexes
 + Level 0.7 Transmutations
 + Level 0.2 Ice Magic
 + Level 0.6 Invocations
 + Level 1.2 Evocations


You had 10 spell levels left.
You knew the following spells:

 Your Spells              Type           Power        Failure   Level  Hunger
a - Corona                Hex            #......      86%         1    ##.....
b - Ensorcelled Hibernat  Hex/Ice        #.....       98%         2    ###....
c - Beastly Appendage     Tmut           #.....       95%         1    ##.....
d - Magic Dart            Conj           #...         97%         1    ##.....

Your spell library contained the following spells:

 Spells                   Type           Power        Failure   Level  Hunger
 Slow                     Hex            #.......     95%         2    ###....
 Sticks to Snakes         Tmut           #.......     98%         2    ###....
 Blink                    Tloc           N/A          99%         2    ###....
 Call Imp                 Summ           #.......     99%         2    ###....
 Confuse                  Hex            #.......     99%         3    ####...
 Tukima's Dance           Hex            #.......     99%         3    ####...
 Conjure Flame            Conj/Fire      #.......     100%        3    ####...
 Dazzling Spray           Conj/Hex       #.....       100%        3    ####...
 Mephitic Cloud           Conj/Pois/Air  #.......     100%        3    ####...
 Spider Form              Tmut/Pois      #.........   100%        3    ####...
 Ice Form                 Ice/Tmut       #.......     100%        4    #####..
 Blade Hands              Tmut           #.........   100%        5    ######.


Dungeon Overview and Level Annotations

Branches:
Dungeon (10/15)            Temple (1/1) D:6            Lair (0/6) D:9
    Orc (0/2) D:10

Altars:
Ashenzari
Cheibriados
Dithmenos
Elyvilon
Fedhas
Gozag
Kikubaaqudgha
Nemelex Xobeh
Okawaru
Ru
Sif Muna
Trog
Uskayaw
Wu Jian
Zin


Innate Abilities, Weirdness & Mutations

You reflexively headbutt those who attack you in melee.
You have a pair of horns on your head.


Message History

Okawaru accepts your kill.
The orc warrior is moderately wounded.
The orc priest is almost dead.
The troll is lightly wounded.
The hound is heavily wounded.
The centaur zombie is moderately damaged.
You kill the orc priest!
Okawaru accepts your kill.
A jelly comes into view.
You hear a shout! x2; You hear an angry growl.
You hear a shout!
You hear a chilling moan.
You hear a shout!
You hear two shouts!
You hear a shout! x2
The orc priest looks satisfied for a moment.
The hound bites you but does no damage. The hound bites you.
* * * LOW HITPOINT WARNING * * *
You closely miss the hound.
The hound is heavily wounded.
The troll bites you.
You die...

#### .# #..###
#.## #....##...
####.......###.
#.............#
#...@h.........
#...oT.........
#.....oZ......#
#.......>.......
#........)......
#...............
#...............
#...............
#.####...######J


You could see a troll, an orc warrior, a hound, an orc priest and a centaur
zombie.

Vanquished Creatures
  Erica (D:8)
  Pikel (D:6)
  An elephant (D:9)
  Grinder (D:4)
  A wyvern (D:9)
  A yak (D:9)
  A hungry ghost (D:8)
  Menkaure (D:7)
  An orc warrior (D:9)
  A slave (D:6)
  2 phantoms
  2 ice beasts
  A necrophage (D:8)
  3 centaurs
  4 ogres
  2 crocodiles (D:9)
  A bullfrog (D:7)
  7 scorpions
  A wyvern skeleton (D:7)
  3 killer bees (D:9)
  13 wights
  6 crimson imps
  4 hounds
  A jelly (D:7)
  7 orc priests
  A centaur skeleton (D:4)
  A gnoll shaman (D:4)
  5 iguanas
  6 orc wizards
  10 worker ants
  A hound skeleton (D:4)
  A howler monkey skeleton (D:8)
  A worker ant zombie (D:7)
  4 gnolls (D:4)
  8 adders
  5 shadow imps
  3 oozes
  3 adder skeletons
  2 worms
  A dart slug (D:3)
  7 leopard geckos
  19 orcs
  3 ball pythons
  4 giant cockroaches
  9 goblins
  6 hobgoblins
  11 jackals
  2 quokkas
  11 bats
  8 frilled lizards
  A giant cockroach zombie (D:3)
  A jackal zombie (D:9)
  8 kobolds
  13 rats
  3 bushes (D:8)
  7 fungi (D:4)
  A plant (D:8)
233 creatures vanquished.

Vanquished Creatures (others)
  7 fungi (D:4)
7 creatures vanquished.

Grand Total: 240 creatures vanquished

Notes
Turn   | Place    | Note
-------+----------+-------------------------------------------
     0 | D:1      | plutonick the Minotaur Monk began the quest for the Orb.
     0 | D:1      | Reached XP level 1. HP: 19/19 MP: 0/0
    73 | D:1      | Reached XP level 2. HP: 16/27 MP: 1/1
   223 | D:1      | Reached XP level 3. HP: 21/33 MP: 2/2
   858 | D:2      | Reached XP level 4. HP: 20/41 MP: 3/3
   937 | D:2      | Found a faded altar of an unknown god.
  1617 | D:3      | Reached skill level 5 in Maces & Flails
  1680 | D:3      | Reached XP level 5. HP: 34/47 MP: 4/4
  1893 | D:3      | Found a sparkling altar of Nemelex Xobeh.
  2263 | D:4      | Reached skill level 5 in Fighting
  2422 | D:4      | Reached XP level 6. HP: 44/56 MP: 5/5
  3223 | D:4      | Reached XP level 7. HP: 53/62 MP: 6/6
  3580 | D:4      | Reached skill level 5 in Dodging
  3614 | D:4      | Noticed Grinder
  3642 | D:4      | Killed Grinder
  3784 | D:4      | Reached XP level 8. HP: 41/71 MP: 7/7
  3828 | D:4      | Found the +7 Singing Sword {slice, sonic wave}
  3907 | D:5      | Entered Level 5 of the Dungeon
  4050 | D:5      | Reached skill level 1 in Long Blades
  4261 | D:5      | Learned a level 1 spell: Corona
  4264 | D:5      | Learned a level 2 spell: Ensorcelled Hibernation
  5004 | D:6      | Reached skill level 1 in Spellcasting
  5105 | D:6      | Found a staircase to the Ecumenical Temple.
  5114 | Temple   | Entered the Ecumenical Temple
  5150 | Temple   | Became a worshipper of Warmaster Okawaru
  5150 | Temple   | Reached * piety under Okawaru
  5150 | Temple   | Reached ** piety under Okawaru
  5234 | D:6      | Noticed Pikel
  5242 | D:6      | Killed Pikel
  5242 | D:6      | Reached skill level 1 in Hexes
  5242 | D:6      | Reached XP level 9. HP: 72/81 MP: 6/10
  5265 | D:6      | Reached skill level 1 in Armour
  5302 | D:6      | You fall through a shaft for 3 floors!
  5377 | D:9      | Reached *** piety under Okawaru
  5654 | D:8      | Noticed Erica
  5738 | D:7      | Reached skill level 5 in Long Blades
  6061 | D:6      | Found a bloodstained altar of Trog.
  6157 | D:6      | Learned a level 1 spell: Beastly Appendage
  6429 | D:7      | Found a shattered altar of Ashenzari.
  6588 | D:7      | Learned a level 1 spell: Magic Dart
  6616 | D:7      | Noticed Menkaure
  6625 | D:7      | Killed Menkaure
  6731 | D:8      | Killed Erica
  6731 | D:8      | Reached **** piety under Okawaru
  6732 | D:8      | Reached XP level 10. HP: 77/90 MP: 8/12
  6863 | D:8      | Reached skill level 1 in Evocations
  6872 | D:8      | Found an opulent altar of Gozag.
  6878 | D:8      | Found a white marble altar of Elyvilon.
  6879 | D:8      | Found a shadowy altar of Dithmenos.
  7234 | D:8      | Found a glowing silver altar of Zin.
  7378 | D:9      | Found a staircase to the Lair.
  7378 | D:9      | Noticed an elephant
  7396 | D:9      | Killed an elephant
  7398 | D:9      | Reached skill level 5 in Armour
  7401 | D:9      | Reached ***** piety under Okawaru
  8085 | D:10     | Entered Level 10 of the Dungeon
  8086 | D:10     | Noticed a manticore
  8093 | D:10     | Noticed a two-headed ogre
  8094 | D:10     | Found a staircase to the Orcish Mines.
  8103 | D:10     | HP: 3/90 [hound (3)]
  8104 | D:10     | Slain by a troll

Vault maps used:
D:1:      dpeg_arrival_another_circle, serial_glass, glass_columns_b,
          glass_columns_b, serial_bayou_pond_e
D:2:      chequers_ecumenical_altar_lobes
D:3:      nemelex_diamond_rough_becter
D:4:      old_forge, first_ration, uniq_grinder
D:5:      minmay_misc_feat_ornament, fountainhead
D:6:      minmay_temple_entry_enclosed_plants, chequers_jeans, trog_book,
          uniq_pikel
D:7:      evilmike_ruin_ashenzari, uniq_menkaure
D:8:      marbit_many_paths, gammafunk_temple_overflow_forgotten,
          grunt_ogre_cave, uniq_erica
D:9:      david_lair_generic
D:10:     david_orc_3, minmay_guarded_unrand_finisher, uniq_erolcha
Temple:   regret_index_temple_mists

Skill      XL: |  1  2  3  4  5  6  7  8  9 10 |
---------------+-------------------------------+-----
Fighting       | 4 5 6 7 8 |  8.7
Maces & Flails | 4 5 6 8 9 |  9.1
Dodging        | 4 5 6 |  6.6
Stealth        | 2 3 |  3.8
Long Blades    | 4 6 9 |  9.2
Spellcasting   | 1 2 3 |  3.0
Hexes          | 1 |  1.7
Armour         | 4 5 |  5.2
Evocations     | 1 |  1.2
Conjurations   | |  0.2
Transmutations | |  0.7
Ice Magic      | |  0.2
Invocations    | |  0.6

Action                   |  1- 3 |  4- 6 |  7- 9 | 10-12 || total
-------------------------+-------+-------+-------+-------++-------
Melee: Mace              |    83 |   154 |    78 |       ||   315
       Headbutt          |    11 |    25 |    41 |    29 ||   106
       Double sword      |       |       |   125 |    97 ||   222
       Dire flail        |       |       |     4 |       ||     4
       Kick              |       |       |     1 |     3 ||     4
 Cast: Corona            |       |       |    11 |     7 ||    18
       Magic Dart        |       |       |     9 |     4 ||    13
       Beastly Appendage |       |       |     2 |     5 ||     7
Invok: Heroism           |       |       |     1 |     5 ||     6
Evoke: Wand              |       |       |     4 |     4 ||     8
  Use: Scroll            |     1 |       |     8 |     2 ||    11
       Potion            |       |     3 |     7 |     3 ||    13
 Stab: Sleeping          |     1 |     5 |       |       ||     6
  Eat: Ration            |       |     2 |     5 |     1 ||     8
       Chunk             |       |     1 |       |       ||     1
Armor: Robe              |    10 |    13 |     7 |       ||    30
       Ring mail         |       |       |    17 |    11 ||    28
       Skin              |       |       |     1 |       ||     1
       Chain mail        |       |       |    19 |     6 ||    25
Dodge: Dodged            |    62 |   113 |   111 |    29 ||   315
       Rpst.: Double sword |       |       |    21 |     8 ||    29

Table legend:
 A = Non-vault XP
 B = Vault XP
 C = Vault XP percentage of total XP
 D = Non-vault monster count
 E = Vault monster count
 F = Vault count percentage of total count
                 A         B        C        D         E       F
            +---------+---------+-------+---------+---------+-------
      Total |    5117 |    3424 |  40.1 |     200 |      21 |   9.5
            +---------+---------+-------+---------+---------+-------
        D:1 |      81 |       0 |   0.0 |      38 |       0 |   0.0
        D:2 |      47 |       0 |   0.0 |      19 |       0 |   0.0
        D:3 |     125 |       0 |   0.0 |      27 |       0 |   0.0
        D:4 |     586 |     600 |  50.6 |      32 |      10 |  23.8
        D:5 |     616 |       0 |   0.0 |      14 |       0 |   0.0
        D:6 |     527 |     593 |  52.9 |      13 |       1 |   7.1
        D:7 |     975 |     172 |  15.0 |      22 |       1 |   4.3
        D:8 |     822 |    1107 |  57.4 |      10 |       3 |  23.1
        D:9 |    1298 |     871 |  40.2 |      24 |       4 |  14.3
       D:10 |      40 |      81 |  66.9 |       1 |       2 |  66.7
            +---------+---------+-------+---------+---------+-------
